 Dungeon Crawl Stone Soup version 0.20-a0-454-g2b43fbb (webtiles) character file.

18 HarleyQuinn the Caller (level 2, -4/15 HPs)
             Began as a Tengu Summoner on Jan 8, 2017.
             Slain by a gnoll
             ... wielding a +0 flail
              (9 damage)
             ... on level 2 of the Dungeon.
             The game lasted 00:03:07 (1596 turns).

HarleyQuinn the Caller (Tengu Summoner)             Turns: 1596, Time: 00:03:08

Health: -4/15      AC:  2    Str:  8    XL:     2   Next: 70%
Magic:  3/7        EV: 12    Int: 15    God:
Gold:   130        SH:  0    Dex: 14    Spells: 4/7 levels left

rFire  . . .     SeeInvis .     h - +0 spear
rCold  . . .     Gourm    .     a - +0 robe
rNeg   . . .     Faith    .     (no shield)
rPois  .         Spirit   .     (helmet restricted)
rElec  .         Reflect  .     (no cloak)
rCorr  .         Harm     .     (no gloves)
MR     .....                    (boots unavailable)
Stlth  ++........               (no amulet)
                                (no ring)
                                (no ring)

@: no status effects
A: beak, talons 3
a: no special abilities


You were on level 2 of the Dungeon.
You were not hungry.

You visited 1 branch of the dungeon, and saw 2 of its levels.

You collected 130 gold pieces.

Inventory:

Hand Weapons
 d - a +0 club
 g - a +0 short sword
 h - a +0 spear (weapon)
Armour
 a - a +0 robe (worn)
Scrolls
 e - a scroll of noise {unknown}
 k - a scroll of remove curse {unknown}
Potions
 f - a potion of haste {unknown}
 i - a potion of might {unknown}
 j - a potion of brilliance {unknown}
Books
 b - a book of Callings

   Spells                             Type                      Level
   a - Summon Small Mammal            Summoning                    1
   b - Call Imp                       Summoning                    2
   c - Call Canine Familiar           Summoning                    3
   d - Summon Guardian Golem          Hexes/Summoning              3
   e - Summon Lightning Spire         Summoning/Air                4
   f - Summon Ice Beast               Ice/Summoning                4
Comestibles
 c - a bread ration


   Skills:
 - Level 2.1 Dodging
 - Level 2.0 Stealth
 - Level 3.0 Spellcasting
 + Level 4.8 Summonings


You had 4 spell levels left.
You knew the following spells:

 Your Spells              Type           Power        Failure   Level  Hunger
a - Summon Small Mammal   Summ           ###.         2%          1    #......
b - Call Imp              Summ           ###.....     4%          2    ##.....


Dungeon Overview and Level Annotations

Branches:
Dungeon (2/15)

Altars:


Innate Abilities, Weirdness & Mutations

You have a beak for a mouth.
You have claws for feet.


Message History

You hit the gnoll but do no damage.
The gnoll is moderately wounded.
The gnoll hits your crimson imp with a halberd!
Your crimson imp closely misses the gnoll.
The gnoll hits you with a flail.
* * * LOW HITPOINT WARNING * * *
Attack whom?
Press: ? - help, Dir - move target cursor, f/p - gnoll
Aim: a gnoll, wielding a flail (moderately wounded)
You completely miss the gnoll. You peck the gnoll.
The gnoll is moderately wounded.
Your crimson imp barely misses the gnoll.
The gnoll barely misses your crimson imp.
The gnoll misses you.
Casting: Call Imp
Confirm with . or Enter, or press ? or * to list all spells.
Nothing appears to happen.
Your crimson imp hits the gnoll.
The gnoll misses your crimson imp. x2; The gnoll hits you with a flail!
Ouch! That really hurt!
You die...

###
#@#
#g#
#g#
#5#
#g#
#..
###


You could see 3 gnolls and a friendly crimson imp.

Vanquished Creatures
  A dart slug (D:1)
  2 bats (D:1)
  3 goblins (D:1)
  2 kobolds (D:1)
  A frilled lizard (D:1)
9 creatures vanquished.

Vanquished Creatures (collateral kills)
  A bat (D:1)
  A giant cockroach (D:1)
  2 hobgoblins (D:1)
  A frilled lizard (D:1)
  3 goblins (D:1)
  A kobold (D:1)
9 creatures vanquished.

Grand Total: 18 creatures vanquished

Notes
Turn   | Place    | Note
-------+----------+-------------------------------------------
     0 | D:1      | HarleyQuinn the Tengu Summoner began the quest for the Orb.
     0 | D:1      | Reached XP level 1. HP: 10/10 MP: 4/4
   934 | D:1      | Reached XP level 2. HP: 13/15 MP: 1/6
  1581 | D:1      | Learned a level 2 spell: Call Imp
  1596 | D:2      | Slain by a gnoll

Vault maps used:
D:1:      shiori_shiawase
D:2:      gammafunk_temple_overflow_statue, minitemple, elyvilon_altar_5

Skill      XL: |  1  2 |
---------------+-------+-----
Spellcasting   | 3 |  3.0
Dodging        | |  2.1
Stealth        | |  2.0
Summonings     | |  4.8

Action                   || total
-------------------------++-------
Melee: Club              ||    20
       Unarmed           ||     6
       Kick              ||     6
       Spear             ||    10
       Peck              ||     4
       Short sword       ||     3
 Cast: Summon Small Mamm ||    21
       Call Imp          ||     2
 Stab: Sleeping          ||     1
  Eat: Chunk             ||     2
Armor: Robe              ||     7
Dodge: Dodged            ||    26
